 Dungeon Crawl Stone Soup version 0.27-a0-1590-g15f69828bf (webtiles) character file.

Game seed: 9501094729665059873

1862 Zonian the Conjurer (level 9, -6/44 HPs)
             Began as a Vine Stalker Conjurer on July 19, 2021.
             Was a Follower of Uskayaw.
             Mangled by a wyvern zombie (10 damage)
             ... on level 8 of the Dungeon.
             The game lasted 00:13:47 (10629 turns).

Zonian the Conjurer (Vine Stalker Conjurer)        Turns: 10629, Time: 00:13:47

Health: -6/44      AC:  2    Str: 10    XL:     9   Next: 13%
Magic:  0/18       EV: 13    Int: 19    God:    Uskayaw [*.....]
Gold:   256        SH:  5    Dex: 15    Spells: 12/19 levels left

rFire    . . .     SeeInvis .   p - +1 dagger (speed)
rCold    . . .     Faith    .   (no shield)
rNeg     . . .     Spirit   +   a - +0 robe
rPois    .         Reflect  +   (no helmet)
rElec    .         Harm     .   (no cloak)
rCorr    .         Rampage  .   (no gloves)
Will     +....                  (no boots)
Stlth    +++.......             n - amulet of reflection
HPRegen  1.14/turn              (no ring)
MPRegen  0.16/turn              (no ring)

@: about to teleport
A: fangs 3, regeneration 1, magic shield, antimagic bite, no potion heal 2
a: Renounce Religion, Stomp


You were on level 8 of the Dungeon.
You worshipped Uskayaw.
Uskayaw was noncommittal.
You visited 2 branches of the dungeon, and saw 8 of its levels.
You also visited: Sewer.

You collected 256 gold pieces.

Inventory:

Hand Weapons
 c - a +0 spectral short sword
 l - a +0 whip of flaming
 p - a +1 dagger of speed (weapon)
Missiles
 o - 3 throwing nets
Armour
 a - a +0 robe (worn)
Jewellery
 i - an amulet of faith
 j - an amulet of regeneration
 n - an amulet of reflection (around neck)
 r - a ring of fire
 x - a ring of fire
Wands
 q - a wand of paralysis (5)
 u - a wand of iceblast (4)
Scrolls
 g - a scroll of silence
 m - a scroll of teleportation
 t - 2 scrolls of immolation
 v - a scroll of acquirement {unknown}
Potions
 b - a potion of resistance {unknown}
 e - 3 potions of curing {unknown}
 f - 4 potions of degeneration {unknown}
 h - a potion of flight {unknown}
 k - a potion of cancellation {unknown}
 w - a potion of brilliance {unknown}


   Skills:
 + Level 3.3 Fighting
 + Level 3.4 Short Blades
 + Level 3.6 Dodging
 + Level 6.1 Stealth
 + Level 5.7 Spellcasting
 + Level 6.9 Conjurations
 + Level 2.0 Translocations
 + Level 0.6 Invocations


You had 12 spell levels left.
You knew the following spells:

 Your Spells              Type           Power      Damage    Failure   Level
a - Magic Dart            Conj           100%       1d8       1%          1
b - Searing Ray           Conj           62%        3d5       1%          2
c - Iskenderun's Mystic   Conj/Tloc      22%        2d6       19%         4

Your spell library contained the following spells:

 Spells                   Type           Power      Damage    Failure   Level
 Dazzling Flash           Conj/Hex       36%        N/A       9%          3
 Gell's Gravitas          Tloc           6%         N/A       16%         3
 Lesser Beckoning         Tloc           6%         N/A       16%         3
 Teleport Other           Tloc           13%        N/A       16%         3
 Fulminant Prism          Conj/Hex       9%         3d7       28%         4
 Dispersal                Tloc           6%         N/A       100%        6
 Chain Lightning          Conj/Air       9%         3d12      100%        9
 Fire Storm               Conj/Fire      9%         8d2       100%        9


Dungeon Overview and Level Annotations

Branches:
Dungeon (6/15)             Temple (1/1) D:6           Sewer (visited)

Altars:
Ashenzari
Cheibriados
Dithmenos
Elyvilon
Fedhas
Gozag
Hepliaklqana
Kikubaaqudgha
Makhleb
Nemelex Xobeh
Okawaru
Qazlal
Ru
Sif Muna
Trog
Uskayaw
Vehumet
Wu Jian
Xom
Yredelemnul
Zin
The Shining One

Portals:
Abyss: D:4

Annotations:
D:4 2 transporters, DocClef's ghost, weakling GnDe


Innate Abilities, Weirdness & Mutations

You have razor-sharp teeth.
Your natural rate of healing is unusually fast.
When hurt, damage is shared between your health and your magic reserves.
Your bite disrupts and absorbs the magic of your enemies.
Potions cannot restore your health.


Message History

Unknown command.
As you read the scroll of fear, it crumbles to dust.
You assume a fearsome visage.
The wyvern zombie is unaffected.
The centaur looks frightened!
The orc looks frightened! x3
Unknown command.
You completely miss the wyvern zombie.
The wyvern zombie is moderately damaged.
The wyvern zombie bites you.
You hit the wyvern zombie but do no damage.
You bite the wyvern zombie. You drain its power.
You feel invigorated.
The wyvern zombie is moderately damaged.
You hit the wyvern zombie but do no damage.
Your bite misses the wyvern zombie.
The wyvern zombie is moderately damaged.
The wyvern zombie bites you.
Unknown command.
You barely miss the wyvern zombie.
The wyvern zombie is moderately damaged.
The wyvern zombie bites you.
* * * LOW HITPOINT WARNING * * *
You hit the wyvern zombie but do no damage.
You bite the wyvern zombie, but do no damage.
The wyvern zombie is moderately damaged.
You hit the wyvern zombie but do no damage.
The wyvern zombie is moderately damaged.
The wyvern zombie misses you.
Unknown command.
Casting: Magic Dart (safe; 1% risk of failure)
Confirm with . or Enter, or press ? or * to list all spells.
Aiming: Searing Ray (safe; 1% risk of failure)
Press: ? - help, Shift-Dir - straight line, f/p - wyvern zombie
Aim: a wyvern zombie (moderately damaged, 93% to hit)
The searing ray hits the wyvern zombie.
The wyvern zombie is moderately damaged. (Press . to maintain the ray.)
The wyvern zombie bites you!
* * * LOW HITPOINT WARNING * * *
As you read the scroll of teleportation, it crumbles to dust.
You feel strangely unstable. The wyvern zombie bites you!
You die...

o...
##....
#..)...
##.......
#........
#........
#.Z......
#@.[.....
##.......
.......
.......
.......
.......
.......
.......


You could see an orc and a wyvern zombie.

Vanquished Creatures
  An ice beast (D:6)
  2 black bears
  An orc warrior (D:4)
  A necrophage (D:3)
  4 ogres
  A centaur (D:6)
  2 bullfrogs (Sewer)
  2 scorpions
  2 water moccasin skeletons
  A howler monkey (D:5)
  A bullfrog zombie (D:5)
  4 hounds
  A jelly (D:6)
  3 iguanas (D:5)
  2 orc wizards (D:5)
  13 adders
  8 gnolls
  An ufetubus (D:4)
  An adder skeleton (D:4)
  2 worms
  3 dart slugs
  4 orcs
  5 endoplasms
  6 giant cockroaches
  7 goblins
  8 hobgoblins
  2 jackals (D:3)
  5 quokkas
  12 ball pythons
  4 bats
  11 frilled lizards
  5 kobolds
  6 rats
131 creatures vanquished.

Vanquished Creatures (others)
  2 fungi (D:1)
  A plant (D:1)
3 creatures vanquished.

Grand Total: 134 creatures vanquished

Notes
Turn   | Place    | Note
-------+----------+-------------------------------------------
     0 | D:1      | Zonian the Vine Stalker Conjurer began the quest for the
                  | Orb.
     0 | D:1      | Reached XP level 1. HP: 9/9 MP: 4/4
   448 | D:1      | Reached XP level 2. HP: 13/13 MP: 3/6
   522 | D:1      | Learned a level 2 spell: Searing Ray
  1312 | D:1      | Reached XP level 3. HP: 16/16 MP: 4/7
  1340 | D:1      | Found a faded altar of an unknown god.
  1828 | D:2      | Found a basalt altar of Yredelemnul.
  2212 | D:2      | Reached skill level 5 in Conjurations
  2216 | D:2      | Gained mutation: Your natural rate of healing is unusually
                  | fast. [Vine Stalker growth]
  2216 | D:2      | Reached XP level 4. HP: 21/21 MP: 1/9
  3360 | D:3      | Noticed a necrophage
  3376 | D:3      | Killed a necrophage
  3377 | D:3      | Reached XP level 5. HP: 19/24 MP: 2/11
  4640 | D:3      | Reached XP level 6. HP: 28/28 MP: 10/13
  5896 | D:4      | Found a transporter.
  5919 | D:4      | Found a transporter.
  5971 | D:4      | Noticed DocClef's ghost (weakling GnDe)
  6034 | D:4      | Found a one-way gate to the infinite horrors of the Abyss.
  6461 | D:4      | Reached skill level 1 in Fighting
  6461 | D:4      | Reached skill level 1 in Short Blades
  6502 | D:4      | Reached XP level 7. HP: 32/33 MP: 11/14
  6611 | D:5      | Entered Level 5 of the Dungeon
  6618 | D:5      | Found a glowing drain.
  6642 | Sewer    | Entered a sewer
  7959 | D:5      | Gained mutation: You have razor-sharp teeth. [Vine Stalker
                  | growth]
  7959 | D:5      | Reached XP level 8. HP: 39/39 MP: 9/16
  8004 | D:5      | Reached skill level 5 in Spellcasting
  8036 | D:4      | Reached skill level 5 in Stealth
  8193 | D:5      | Found an iron altar of Okawaru.
  8593 | D:5      | Learned a level 4 spell: Iskenderun's Mystic Blast
  9351 | D:6      | Reached skill level 1 in Translocations
  9751 | D:6      | Found a staircase to the Ecumenical Temple.
  9767 | Temple   | Entered the Ecumenical Temple
  9772 | Temple   | Reached XP level 9. HP: 26/44 MP: 5/18
 10375 | Temple   | Became a worshipper of Uskayaw the Reveller
 10400 | D:6      | Reached * piety under Uskayaw
 10406 | D:6      | Reached ** piety under Uskayaw
 10408 | D:6      | Reached *** piety under Uskayaw
 10412 | D:6      | Reached **** piety under Uskayaw
 10614 | D:6      | You fall into a shaft and drop 2 floors!
 10629 | D:8      | Mangled by a wyvern zombie

Illustrated notes

Levels and vault maps discovered:
D:1:      dpeg_arrival_boxes_within_box, layout_rooms,
          shapermc_ecumenical_altar_acropolis
D:2:      layout_basic, basic_altar, minmay_heptomino_d4
D:3:      layout_loops_corners, minmay_cut_off
D:4:      layout_loops_ring, gammafunk_ghost_abyssal_escape
D:5:      layout_cave_pools, lemuel_doored_altar, gup_sewer_entry_glass,
          amethyst_killhole
D:6:      layout_basic, minmay_temple_entry_gardened_gates
D:8:      layout_cave_pods, erik_lair_island, nicolae_ossuary_entry_giza,
          st_stairs_2, sigmund_army, uniq_maurice, uniq_prince_ribbit1
Temple:   roderic_octagonal_lattice_temple

Skill      XL: |  1  2  3  4  5  6  7  8  9 |
---------------+----------------------------+-----
Conjurations   | 5 6 |  6.9
Spellcasting   | 3 4 5 |  5.7
Stealth        | 3 4 5 6 |  6.1
Dodging        | 2 3 |  3.6
Fighting       | 1 2 3 |  3.3
Short Blades   | 1 2 3 |  3.4
Translocations | 1 2 |  2.0
Invocations    | |  0.6

Action                   |  1- 3 |  4- 6 |  7- 9 || total
-------------------------+-------+-------+-------++-------
Melee: Short sword       |     2 |     2 |       ||     4
       Bite              |     1 |    21 |    23 ||    45
       Dagger            |       |    92 |    96 ||   188
Throw: Throwing net      |       |       |     1 ||     1
 Cast: Magic Dart        |    78 |   116 |   101 ||   295
       Searing Ray       |     3 |     3 |    15 ||    21
  Use: Scroll            |       |     8 |     4 ||    12
 Stab: Sleeping          |       |     3 |     2 ||     5
       Paralysed         |       |       |     1 ||     1
Armor: Robe              |       |     8 |     9 ||    17
Dodge: Dodged            |     4 |    38 |    47 ||    89
Block: Other             |       |    20 |    18 ||    38
       Reflection        |       |     2 |     1 ||     3

Table legend: (Time is in decaauts)
 A = Elapsed time spent in this place.
 B = Non-inter-level travel time spent in this place.
 C = Inter-level travel time spent in this place.
 D = Time resting spent in this place.
 E = Time spent auto-exploring this place.
 F = Levels seen in this place.
 G = Mean time per level.
                   A        B        C        D        E       F      G
               +--------+--------+--------+--------+--------+-----+--------+
         Total |  10600 |  10450 |    150 |   4835 |   4227 |   9 | 1177.8 |
       Dungeon |   9145 |   9013 |    132 |   4024 |   3903 |   7 | 1306.4 |
        Temple |    626 |    608 |     18 |    282 |    267 |   1 |  626.0 |
         Sewer |    828 |    828 |      0 |    529 |     57 |   1 |  828.0 |
               +--------+--------+--------+--------+--------+-----+--------+

Top non-repeatable levels by time:
     D:3: 2206 daAuts
     D:1: 1724 daAuts
     D:5: 1599 daAuts
     D:4: 1389 daAuts
     D:2: 1367 daAuts
     D:6: 846 daAuts
   Sewer: 828 daAuts
  Temple: 626 daAuts
     D:8: 11 daAuts
